 Dungeon Crawl Stone Soup version 0.19-a0-1008-g4c63d25 (webtiles) character file.

831 Kurtz the Cudgeler (level 7, -4/52 HPs)
             Began as a Mummy Berserker on July 22, 2016.
             Was a Priest of Trog.
             Splashed by a jelly's acid (12 damage)
             ... on level 5 of the Dungeon.
             The game lasted 00:04:02 (5429 turns).

Kurtz the Cudgeler (Mummy Berserker)                Turns: 5429, Time: 00:04:02

Health: -4/52      AC:  1    Str: 20    XL:     7   Next: 65%
Magic:  7/7        EV:  8    Int:  7    God:    Trog [***...]
Gold:   205        SH:  0    Dex: 13    Spells: 0 memorised, 6 levels left

rFire  x . .     SeeInvis .     q - +0 flail
rCold  + . .     Gourm    .     g - +0 chain mail
rNeg   + + +     Faith    .     (no shield)
rPois  ∞         Spirit   .     o - +0 helmet (curse)
rElec  .         Dismiss  .     (no cloak)
rCorr  .         Reflect  .     (no gloves)
SustAt +         Harm     .     (no boots)
MR     .....                    (no amulet)
Stlth  ..........               l - ring of sustain attributes
                                (no ring)

@: corroded, not resistant to hostile enchantments, extremely unstealthy
A: no food or potions, fire vulnerability, cold resistance 1, negative energy
resistance 3, torment resistance, unbreathing
a: Trog's Hand, Burn Spellbooks, Renounce Religion


You were on level 5 of the Dungeon.
You worshipped Trog.
Trog was most pleased with you.
You were not hungry.

You visited 1 branch of the dungeon, and saw 6 of its levels.

You collected 229 gold pieces.
You spent 24 gold pieces at shops.

Inventory:

Hand Weapons
 a - a +0 mace
 q - a +0 flail (weapon)
Missiles
 n - 2 throwing nets (quivered)
Armour
 b - a +0 animal skin
 g - a +0 chain mail (worn)
 o - a cursed +0 helmet (worn)
Jewellery
 l - a ring of sustain attributes (right hand)
Wands
 h - a wand of iceblast (0/15)
Scrolls
 c - 4 scrolls of identify
 d - a scroll of remove curse {unknown}
 e - 2 scrolls of amnesia {unknown}
 f - 3 scrolls of random uselessness {unknown}
 i - a scroll of fear {unknown}
 j - a scroll of teleportation {unknown}
 k - 2 scrolls of magic mapping {unknown}
 m - a scroll of blinking {unknown}
Books
 p - a book of Beasts

   Spells                             Type                      Level
   a - Summon Butterflies             Summoning                    1
   b - Call Canine Familiar           Summoning                    3
   c - Summon Ice Beast               Ice/Summoning                4
   d - Summon Mana Viper              Hexes/Summoning              5
   e - Summon Hydra                   Summoning                    7
   Trog disapproves of the use of such an item.


   Skills:
 - Level 3.0 Fighting
 * Level 7.7 Maces & Flails
 - Level 1.5 Armour
 - Level 1.5 Dodging


You had 6 spell levels left.
You didn't know any spells.

Dungeon Overview and Level Annotations

Branches:
Dungeon (6/15)
 Temple: D:4-7

Altars:
Hepliaklqana
Okawaru
Vehumet

Shops:
D:4 *

Annotations:
D:5 Edmund


Innate Abilities, Weirdness & Mutations

You do not eat or drink.
Your flesh is vulnerable to fire.
You are immune to poison.
Your flesh is cold resistant. (rC+)
You are immune to negative energy. (rN+++)
You are immune to unholy pain and torment.
You can survive without breathing.


Message History

The jelly is heavily wounded.
The jelly hits you.
You are splashed with acid!
The acid corrodes you!
The acid burns!
The jelly hits you.
You are splashed with acid!
The acid burns!
You hit the jelly but do no damage.
Your hands burn!
The jelly is heavily wounded.
The jelly hits you but does no damage. x2
You thump the jelly! The acid corrodes you!
Your hands burn!
The jelly is almost dead.
The jelly barely misses you. The jelly hits you.
You are splashed with acid!
The acid burns!
* * * LOW HITPOINT WARNING * * *
You are too injured to fight recklessly!
You are too injured to fight recklessly!
Unknown command.
Edmund the Younger comes into view.
He is wielding a dire flail of protection.
Edmund shouts!
The jelly hits you.
* * * LOW HITPOINT WARNING * * *
You are splashed with acid!
The acid burns!
You die...

.#.#.#### .##
......... .@. ..##
.....#..# ..##
.... .(.....# ...
###
#.##...###.####
#..............
##.....J...###
#.....J.(.#
#......@#.#
.......#.#.# #
#.###...#.#.# #
##.##.#.##########
# # ..
#............# #.#
### ###.########.#
#.# #.# #.# #..
#.# #.# ### #.#
#.# #


You could see Edmund and 2 jellies.

Vanquished Creatures
  Grinder (D:5)
  A centaur (D:6)
  3 scorpions
  An orc priest (D:5)
  3 hounds
  2 orc wizards
  An iguana (D:4)
  A worker ant (D:5)
  Robin (D:3)
  8 adders
  2 shadow imps (D:5)
  An adder skeleton (D:4)
  A worm (D:2)
  2 dart slugs (D:1)
  5 giant geckos
  4 orcs (D:5)
  8 giant cockroaches
  17 goblins
  9 hobgoblins
  A ball python (D:3)
  5 bats
  3 giant newts
  5 kobolds
  5 rats
90 creatures vanquished.

Notes
Turn   | Place    | Note
-------+----------+-------------------------------------------
     0 | D:1      | Kurtz the Mummy Berserker began the quest for the Orb.
     0 | D:1      | Reached XP level 1. HP: 18/18 MP: 1/1
   538 | D:1      | Reached XP level 2. HP: 22/24 MP: 2/2
   604 | D:1      | Reached skill level 3 in Maces & Flails
  1229 | D:2      | Reached XP level 3. HP: 29/29 MP: 3/3
  1537 | D:2      | Reached skill level 4 in Maces & Flails
  1676 | D:2      | Reached ** piety under Trog
  1677 | D:2      | Reached XP level 4. HP: 34/35 MP: 4/4
  2318 | D:3      | Noticed Robin
  2353 | D:3      | Killed Robin
  2744 | D:3      | Reached *** piety under Trog
  3051 | D:3      | Found a hazy altar of Hepliaklqana.
  3060 | D:3      | Found an iron altar of Okawaru.
  3216 | D:4      | Reached XP level 5. HP: 35/41 MP: 5/5
  3232 | D:4      | Reached skill level 5 in Maces & Flails
  3280 | D:4      | HP: 2/41 [iguana (5)]
  3286 | D:4      | HP: 1/41 [iguana (8)]
  3649 | D:4      | Reached XP level 6. HP: 34/47 MP: 6/6
  3714 | D:4      | Found Xyowkag's General Store.
  3736 | D:4      | Bought a scroll of identify for 24 gold pieces
  3900 | D:5      | Entered Level 5 of the Dungeon
  4296 | D:4      | Reached skill level 6 in Maces & Flails
  4816 | D:5      | Reached XP level 7. HP: 7/52 MP: 7/7
  5089 | D:5      | Noticed Grinder
  5101 | D:5      | Killed Grinder
  5101 | D:5      | Reached skill level 7 in Maces & Flails
  5194 | D:5      | Found a radiant altar of Vehumet.
  5428 | D:5      | Noticed Edmund
  5429 | D:5      | Splashed by a jelly's acid

Vault maps used:
D:1:      zelgadis_glass_arrival_small
D:3:      amethyst_overflow_temple_binary, st_stairs_5,
          minmay_misc_feat_pillars, grunt_decor_mini_mirrors,
          kennysheep_generic_room_5, uniq_robin
D:4:      serial_shops, shop
D:5:      nicolae_overflow_hidden_temple, first_bread, uniq_edmund, uniq_grinder
D:6:      minmay_misc_feat_encased, uniq_blork_the_orc

Skill      XL: |  1  2  3  4  5  6  7 |
---------------+----------------------+-----
Maces & Flails | 3 4 5 6 7 |  7.7
Fighting       | |  3.0
Armour         | |  1.5
Dodging        | |  1.5

Action                   |  1- 3 |  4- 6 |  7- 9 || total
-------------------------+-------+-------+-------++-------
Melee: Mace              |   126 |   248 |       ||   374
       Flail             |       |    48 |    41 ||    89
Throw: Throwing net      |       |     2 |     2 ||     4
Invok: Trog's Hand       |       |     1 |       ||     1
Evoke: Wand              |       |       |     2 ||     2
Armor: Animal skin       |    12 |       |       ||    12
       Chain mail        |    53 |   233 |    24 ||   310
Dodge: Dodged            |    91 |   162 |    15 ||   268
